 Dungeon Crawl Stone Soup version 0.31-a0-851-g7ff8af7976 (webtiles) character file.

Game seed: 8670038859426795423

121480 Gladio the Acrobat (level 16, -15/117 HPs)
             Began as a Felid Berserker on Oct 6, 2023.
             Was the Champion of Trog.
             Killed from afar by Ilsuiw (34 damage)
             ... with a shard of ice
             ... on level 2 of the Shoals.
             The game lasted 01:23:01 (32260 turns).

Gladio the Acrobat (Felid Berserker)               Turns: 32260, Time: 01:23:02

Health: -15/117    AC:  7    Str: 17    XL:     16   Next: 32%
Magic:  17/17      EV: 38    Int:  9    God:    Trog [******]
Gold:   1035       SH:  0    Dex: 19    Spells: 15/15 levels left
                                        Lives:  0   Deaths: 4

rFire   . .          .
                       - Unarmed
rCold   + . .        (shield unavailable)
rNeg    . . .        (body armour unavailable)
rPois   .            (helmet unavailable)
rElec   .            (cloak unavailable)
rCorr   .            (gloves unavailable)
SInv    +            (boots unavailable)
Will    ++...        b - amulet of faith Stlth
                     d - +4 ring of protection
HPRegen 0.39/turn    Z - +4 ring of slaying
MPRegen 0.15/turn

%: faith
@: berserking (expiring), beast-form, very quick
A: beast (slay +3), very small, claws 1, fangs 3, see invisible, speed 1, shaggy
fur 3, stealthy paws, no weapons or thrown items, no armour, multi-lived, horns
1, frail 1, wild magic 1
a: Begin Untransformation, Renounce Religion, Berserk, Trog's Hand, Brothers in
Arms


You were on level 2 of the Shoals.
You worshipped Trog.
Trog was exalted by your worship.
You were a hulking beast.
You visited 5 branches of the dungeon, and saw 25 of its levels.
You also visited: Sewer, Ossuary and Bailey.

You collected 3143 gold pieces.
You spent 2108 gold pieces at shops.

Inventory:

Jewellery
 b - an amulet of faith (around neck)
 d - a +4 ring of protection (left paw)
 u - a ring of resist corrosion
 I - a ring of ice
 M - a +4 ring of protection
 P - a ring of fire
 Q - a +6 ring of dexterity
 Y - a +6 ring of dexterity
 Z - a +4 ring of slaying (right paw)
Talismans
 i - a serpent talisman
 S - a beast talisman (active)
 T - a maw talisman
Wands
 g - a wand of quicksilver (4)
 m - a wand of roots (23)
 A - a wand of flame (75)
 E - a wand of polymorph (11)
 H - a wand of charming (7)
 N - a wand of mindburst (15)
Scrolls
 f - 6 scrolls of fog
 h - 6 scrolls of teleportation
 j - 6 scrolls of immolation
 k - 5 scrolls of enchant armour
 n - 2 scrolls of fear
 p - 3 scrolls of poison
 s - 4 scrolls of summoning
 v - 3 scrolls of noise
 y - 6 scrolls of blinking
 z - 2 scrolls of silence
 B - 2 scrolls of enchant weapon
 G - 4 scrolls of vulnerability
 J - 3 scrolls of revelation
 R - 2 scrolls of identify
 W - 2 scrolls of torment
Potions
 a - 3 potions of attraction
 c - 2 potions of lignification
 e - a potion of mutation
 l - 3 potions of cancellation
 o - 16 potions of curing
 r - 8 potions of haste
 t - 6 potions of enlightenment
 w - 5 potions of heal wounds
 x - 3 potions of berserk rage
 D - 3 potions of invisibility
 F - 5 potions of ambrosia
 O - 2 potions of might (quivered)
 V - 2 potions of resistance
Miscellaneous
 q - a phantom mirror
 C - a lightning rod (4/4)
 L - a phial of floods
 U - a condenser vane


   Skills:
 * Level 18.9 Fighting
 * Level 23.9 Dodging
 * Level 18.7 Unarmed Combat
 + Level 7.7 Evocations
 + Level 6.8 Shapeshifting


You had 15 spell levels left.
You didn't know any spells.
Your spell library was empty.

Dungeon Overview and Level Annotations

Branches:
Dungeon (15/15)            Temple (1/1) D:5            Lair (5/5) D:9
 Shoals (2/4) Lair:3       Spider (0/4) Lair:2        Slime (0/5) Lair:4
    Orc (2/2) D:12            Elf (0/3) Orc:2        Vaults (0/5) D:13
 Depths (0/4) D:15          Sewer (visited)         Ossuary (visited)
 Bailey (visited)

Altars:
Ashenzari
Cheibriados
Dithmenos
Elyvilon
Fedhas
Gozag
Hepliaklqana
Kikubaaqudgha
Makhleb
Nemelex Xobeh
Okawaru
Qazlal
Ru
Sif Muna
Trog
Uskayaw
Vehumet
Wu Jian
Xom
Yredelemnul
Zin
The Shining One

Shops:
D:1 [((?   D:7 *   Orc:2 ?!!(   Shoals:1 (   Shoals:2 *

Annotations:
D:11 2 exclusions
Lair:1 exclusion: 2 oklob plants
Lair:4 exclusion: 2 oklob plants
Shoals:2 Ilsuiw


Innate Abilities, Weirdness & Mutations

You are a hulking beast.
Your limbs bulge with bestial killing power. (Slay +3)
You have sharp claws.
You have razor-sharp teeth.
You have supernaturally acute eyesight. (SInv)
You cover ground quickly. (Speed+)
Your thick and shaggy fur keeps you warm. (AC +3, rC+)
Your paws help you pounce on unaware monsters.
You are incapable of wielding weapons or throwing items.
You cannot wear armour.
You gain extra lives every three experience levels.
You have a pair of small horns on your head.
You are frail. (-10% HP)
Your spells are a little harder to cast, but a little more powerful.


Message History

Ilsuiw freezes you.
* * * LOW HITPOINT WARNING * * *
You scratch Ilsuiw. You headbutt Ilsuiw!
Ilsuiw is lightly wounded.
You eviscerate Ilsuiw!!! Your claw misses Ilsuiw.
Ilsuiw is moderately wounded.
The merfolk siren completely misses you.
You claw Ilsuiw!
Ilsuiw is heavily wounded.
Ilsuiw gestures wildly while chanting.
Ilsuiw blinks!
You eviscerate the merfolk siren!!! You headbutt the merfolk siren!
You kill the merfolk siren!
Trog accepts your kill.
Trog appreciates your killing of a magic user.
The water elemental completely misses you.
You have finished your manual of Dodging and toss it away.
You mangle the water elemental!!
Your headbutt misses the water elemental.
Your claw misses the water elemental. You bite the water elemental.
The water elemental is almost destroyed.
Ilsuiw says, "Catch me, touch me, love me, feed me!"
You mangle the water elemental!!
You feel the power of Trog in you as your rage grows.
You destroy the water elemental!
The water elemental disappears in a puff of smoke!
An alligator snapping turtle comes into view.
Things that are here:
a +0 long sword; a +0 scale mail; the human corpse of Frances You feel a strong urge to attack something.
The alligator snapping turtle hisses angrily.
Ilsuiw completely misses you.
There is a stone staircase leading down here.
You barely miss Ilsuiw. You bite Ilsuiw!!
Ilsuiw is heavily wounded.
You claw Ilsuiw! You headbutt Ilsuiw.
Ilsuiw is heavily wounded.
Ilsuiw casts a spell at you. The shard of ice hits you!! You partially resist.
You die...

≈≈≈≈≈≈≈≈≈≈≈≈~~~~P.#######..~~~~~~
≈≈≈≈≈≈≈≈≈≈≈≈≈≈~~~~#∩.∩.∩###...~~~
≈≈≈≈≈≈≈≈≈≈≈≈≈~~~~)~.......#.)~.~~
≈≈≈≈≈≈≈≈≈≈≈≈~~~~~~...⌠...##..~~~~
≈≈≈≈≈≈≈≈≈≈≈~~~~~~........#..~~~~~
≈≈≈≈~~~~≈≈≈~~~~~..#∩.∩.∩#.<~~~~~~
≈≈≈ PP≈P~~~...#######.~~~~~~~ ≈≈≈
.PP~~~~........P~~~~~~~~~
.PP~.~~mh).......~~~~~~~~
#....~~~~..)..###.~~~~~~~
#.###..~^..)..# #.~~~~~~~ #
##.~...#### .~~~≈≈≈≈≈ .###.~~).##
.~~~~≈≈≈≈ .~~~~~~t).# .~~~~~~~.##
. ~~~~~~~~## ... ~~~~~~~~.##.....


You could see Ilsuiw (invisible) and an alligator snapping turtle.

Vanquished Creatures
  Frances (Shoals:2)
  Kirke (D:12)
  An orc warlord (Bailey)
  An elemental wellspring (Shoals:1)
  2 merfolk impalers
  An ettin (D:13)
  The ghost of Icebitter the Cleaver, a journeyman MiBe of Trog (Orc:2)
  A merfolk javelineer (Shoals:2)
  Harold (D:9)
  6 hydras
  A catoblepas (Lair:5)
  3 boulder beetles
  An alligator snapping turtle (Shoals:1)
  8 centaur warriors
  3 merfolk aquamancers (Shoals:1)
  A two-headed ogre (D:13)
  2 tengu warriors (D:14)
  A death knight (D:14)
  5 death yaks
  3 orc high priests (Orc:2)
  Nergalle (Lair:2)
  2 sea snakes (Shoals:2)
  9 skysharks
  2 goliath frogs (Lair:5)
  A deep troll (D:13)
  A harpy (Lair:3)
  2 fauns (Shoals:1)
  A deep elf pyromancer (D:14)
  19 ugly things
  6 orc knights
  6 manticores
  4 orc sorcerers
  A salamander (D:15)
  6 cyclopes
  A black mamba (shapeshifter) (D:15)
  2 black mambas
  2 merfolk sirens
  A gargoyle (D:12)
  3 water nymphs (Shoals:1)
  2 torpor snails (Lair:4)
  Jeremiah (D:7)
  27 cane toads
  6 rime drakes
  4 freezing wraiths
  5 yaktaurs
  A yaktaur (shapeshifter) (D:13)
  6 komodo dragons
  An unseen horror (D:12)
  An efreet (D:15)
  A kobold demonologist (D:10)
  11 merfolk
  4 trolls
  A polar bear (Lair:4)
  2 wind drakes
  A wind drake (shapeshifter) (D:15)
  29 blink frogs
  2 tyrant leeches
  A hornet (D:10)
  2 dream sheep (Lair:4)
  3 meliai zombies (D:11)
  A dream sheep (shapeshifter) (D:15)
  3 snapping turtles
  16 slime creatures
  4 wyverns
  A vampire (D:11)
  39 yaks
  2 shadows
  A spriggan (shapeshifter) (D:13)
  7 water elementals
  5 wraiths
  7 basilisks
  A fire bat (shapeshifter) (D:14)
  12 vampire mosquitoes
  2 steam dragons
  6 wargs
  3 acid dragons
  9 water moccasins
  21 orc warriors
  2 sky beasts
  3 black bears
  6 ogres
  32 wolves
  A lemure (D:8)
  28 centaurs
  A phantom (D:6)
  2 kobold brigands (D:8)
  14 bullfrogs
  3 gnoll sergeants
  4 scorpions
  4 wights
  7 killer bees
  4 electric eels
  3 howler monkeys
  5 centaur zombies
  A hound (D:6)
  3 jellies
  13 orc priests
  A human zombie (D:7)
  Jessica (D:2)
  A gnoll bouda (D:6)
  A boggart zombie (D:11)
  3 iguanas (D:5)
  A sleepcap (D:6)
  13 orc wizards
  A mummy (Ossuary)
  A howler monkey zombie (D:11)
  26 gnolls
  13 adders
  A shadow imp (D:5)
  3 worms
  5 dart slugs
  58 orcs
  3 bats (D:1)
  4 endoplasms
  6 giant cockroaches
  24 goblins
  10 hobgoblins
  2 jackals (D:3)
  17 kobolds
  7 quokkas
  9 ball pythons
  11 frilled lizards
  4 goblin zombies
  3 hobgoblin zombies (Ossuary)
  5 rats
735 creatures vanquished.

Vanquished Creatures (collateral kills)
  A kraken (Shoals:1)
  An elemental wellspring (Shoals:1)
  5 death yaks
  An orc high priest (Orc:2)
  An orc knight (Bailey)
  Pikel (D:8)
  2 orc sorcerers (Orc:2)
  5 fauns (Shoals:1)
  3 yaks (Lair:4)
  3 orc warriors
  A black bear (D:8)
  An elf zombie (Ossuary)
  2 centaur zombies (Ossuary)
  A human zombie (Ossuary)
  An orc wizard (Orc:2)
  A mummy (Ossuary)
  2 gnolls (Bailey)
  17 orcs
  2 gnoll zombies (Ossuary)
  2 goblins (Bailey)
  An orc zombie (Ossuary)
  3 tentacles (Shoals:1)
57 creatures vanquished.

Vanquished Creatures (others)
  An ugly thing (D:13)
  A black mamba (Lair:5)
  A hobgoblin (D:1)
  7 tentacles (Shoals:1)
10 creatures vanquished.

Grand Total: 802 creatures vanquished

Notes
Turn   | Place    | Note
-------+----------+-------------------------------------------
     0 | D:1      | Gladio the Felid Berserker began the quest for the Orb.
     0 | D:1      | Reached XP level 1. HP: 10/10 MP: 2/2
    92 | D:1      | Reached XP level 2. HP: 5/14 MP: 3/3
   134 | D:1      | Found Mamaomm's Armour Shoppe.
   271 | D:1      | Found Qawnoq's Antique Weapon Emporium.
   314 | D:1      | Found Beskofey's Weapon Shop.
   345 | D:1      | Found Biritt's Magic Scroll Emporium.
   353 | D:1      | Bought a scroll of identify for 24 gold pieces
   353 | D:1      | Bought a scroll of identify for 24 gold pieces
   558 | D:1      | Reached XP level 3. HP: 17/17 MP: 4/4
   890 | D:2      | Reached ** piety under Trog
  1367 | D:2      | Noticed Jessica
  1372 | D:2      | Killed Jessica
  1373 | D:2      | Reached skill level 5 in Dodging
  1373 | D:2      | Reached XP level 4. HP: 12/22 MP: 5/5
  1917 | D:3      | Found a faded altar of an unknown god.
  1936 | D:3      | Reached XP level 5. HP: 13/25 MP: 6/6
  2040 | D:3      | Found a glowing drain.
  2074 | Sewer    | Entered a sewer
  2267 | Sewer    | Reached *** piety under Trog
  2385 | Sewer    | Reached skill level 6 in Dodging
  2385 | Sewer    | Gained mutation: You are covered in thick fur. (AC +2)
                  | [Felid growth]
  2385 | Sewer    | Reached XP level 6. HP: 8/29 MP: 7/7
  2396 | Sewer    | Identified the +6 dire flail of the End {drain, rF+}
  2970 | D:3      | Reached skill level 5 in Fighting
  3114 | D:3      | Found a burning altar of Makhleb.
  3144 | D:3      | Reached skill level 5 in Unarmed Combat
  3567 | D:4      | Noticed a sky beast
  3585 | D:4      | Killed a sky beast
  3586 | D:4      | Reached XP level 7. HP: 33/33 MP: 8/8
  3610 | D:4      | Reached **** piety under Trog
  3611 | D:4      | Reached skill level 7 in Dodging
  3884 | D:5      | Entered Level 5 of the Dungeon
  4269 | D:5      | Found a staircase to the Ecumenical Temple.
  4280 | Temple   | Entered the Ecumenical Temple
  4771 | D:6      | Reached skill level 8 in Dodging
  4771 | D:6      | Reached XP level 8. HP: 30/38 MP: 9/9
  4772 | D:6      | Identified a scroll of acquirement
  4818 | D:6      | Acquired a manual of Fighting
  5132 | D:6      | Reached skill level 9 in Dodging
  5618 | D:7      | Found Hathoiw's Assorted Antiques.
  5653 | D:7      | Bought 2 scrolls of identify for 100 gold pieces
  5653 | D:7      | Bought a scroll labelled BAAMNI ADUT for 25 gold pieces
  5653 | D:7      | Bought a scroll labelled WUULAA SOUHIUL for 25 gold pieces
  5710 | D:7      | Noticed Jeremiah
  5724 | D:7      | Killed Jeremiah
  5725 | D:7      | Reached XP level 9. HP: 27/45 MP: 10/10
  6015 | D:7      | Found a hazy altar of Hepliaklqana.
  6015 | D:7      | Found a faded altar of an unknown god.
  6023 | D:7      | Found a faded altar of an unknown god.
  6025 | D:7      | Found a hide-covered altar of Uskayaw.
  6027 | D:7      | Found a basalt altar of Yredelemnul.
  6057 | D:7      | Found a sand-covered staircase.
  6075 | Ossuary  | Entered an ossuary
  6116 | Ossuary  | Reached skill level 10 in Dodging
  6962 | D:8      | Reached skill level 10 in Fighting
  7262 | D:8      | Reached skill level 11 in Dodging
  7925 | D:8      | Found a glowing golden altar of the Shining One.
  7959 | D:8      | Reached ***** piety under Trog
  7984 | D:8      | Reached XP level 10. HP: 52/52 MP: 11/11
  8071 | D:9      | Noticed Pikel
  8071 | D:9      | Found a staircase to the Lair.
  8108 | D:8      | Killed Pikel
  8153 | D:8      | Reached skill level 12 in Dodging
  8821 | D:9      | Noticed Harold
  8847 | D:9      | Killed Harold
  9071 | D:9      | Reached skill level 10 in Unarmed Combat
  9354 | D:10     | Entered Level 10 of the Dungeon
  9561 | D:10     | Reached skill level 13 in Dodging
  9673 | D:10     | Reached XP level 11. HP: 39/58 MP: 12/12
  9879 | D:10     | Found a flagged portal.
  9896 | Bailey   | Entered a bailey
  9986 | Bailey   | Noticed an orc knight
  9989 | Bailey   | Noticed an orc knight
 10003 | Bailey   | Killed an orc knight
 10031 | Bailey   | Killed an orc knight
 10271 | Bailey   | Noticed an orc warlord
 10293 | Bailey   | Killed an orc warlord
 10786 | Lair:1   | Entered Level 1 of the Lair of Beasts
 10787 | Lair:1   | Acquired a manual of Unarmed Combat
 10817 | Lair:1   | Reached skill level 14 in Dodging
 11994 | Lair:1   | Noticed an oklob plant
 11994 | Lair:1   | Noticed an oklob plant
 12175 | Lair:2   | Found a hole to the Spider Nest.
 12352 | Lair:2   | Reached skill level 15 in Fighting
 12361 | Lair:2   | Reached skill level 15 in Dodging
 12449 | Lair:2   | Gained mutation: Your thick and shaggy fur keeps you warm.
                  | (AC +3, rC+) [Felid growth]
 12449 | Lair:2   | Reached XP level 12. HP: 57/65 MP: 13/13
 12937 | Lair:2   | Noticed Nergalle
 12950 | Lair:2   | Killed Nergalle
 13234 | Lair:3   | Noticed an eight-headed hydra
 13364 | Lair:3   | Identified the +3 war axe "Death Rattle" {flame, *Noise
                  | rElec rN+ Stlth+}
 13385 | Lair:3   | Noticed a death yak
 13411 | Lair:3   | Killed a death yak
 13821 | Lair:3   | Killed an eight-headed hydra
 13913 | Lair:3   | Reached skill level 16 in Dodging
 14184 | Lair:3   | Noticed a death yak
 14185 | Lair:3   | Noticed a death yak
 14218 | Lair:3   | Killed a death yak
 14397 | Lair:3   | Noticed a death yak
 14401 | Lair:3   | Noticed a death yak
 14401 | Lair:3   | Noticed a death yak
 14420 | Lair:3   | Killed a death yak
 14424 | Lair:3   | Killed a death yak
 14427 | Lair:3   | Killed a death yak
 14429 | Lair:3   | Killed a death yak
 14628 | Lair:3   | Found a staircase to the Shoals.
 14987 | Lair:3   | Reached skill level 15 in Unarmed Combat
 15274 | Lair:4   | Noticed an eight-headed hydra
 15412 | Lair:4   | Reached XP level 13. HP: 61/70 MP: 14/14
 15709 | Lair:4   | Reached skill level 17 in Dodging
 15820 | Lair:4   | Found a staircase to the Slime Pits.
 16924 | Lair:4   | Acquired a manual of Dodging
 16948 | Lair:5   | Entered Level 5 of the Lair of Beasts
 17178 | Lair:3   | Reached skill level 1 in Evocations
 17307 | Lair:4   | Reached skill level 1 in Shapeshifting
 17534 | Lair:5   | Reached skill level 18 in Dodging
 18376 | Lair:4   | Reached XP level 14. HP: 41/76 MP: 15/15
 18506 | Lair:5   | Reached skill level 19 in Dodging
 20162 | D:11     | Reached ****** piety under Trog
 20163 | D:11     | Reached skill level 20 in Dodging
 21251 | D:12     | Found a staircase to the Orcish Mines.
 21491 | D:12     | Noticed Kirke
 21508 | D:12     | Killed Kirke
 22575 | D:12     | Slain by a very large slime creature
 22630 | D:12     | Slain by a titanic slime creature
 22765 | D:12     | Reached skill level 5 in Evocations
 23129 | D:13     | Reached skill level 21 in Dodging
 23699 | D:13     | Reached XP level 15. HP: 63/81 MP: 16/16
 23818 | D:13     | Found a gate to the Vaults.
 24367 | D:14     | Reached skill level 5 in Shapeshifting
 25405 | D:1      | Bought a scroll of summoning for 114 gold pieces
 25405 | D:1      | Bought a scroll of summoning for 114 gold pieces
 25405 | D:1      | Bought a scroll of fear for 48 gold pieces
 25405 | D:1      | Bought a scroll of summoning for 114 gold pieces
 25405 | D:1      | Bought a scroll of vulnerability for 48 gold pieces
 25664 | D:15     | Entered Level 15 of the Dungeon
 26232 | D:15     | Reached skill level 22 in Dodging
 26680 | D:15     | Found a staircase to the Depths.
 27597 | Orc:1    | Entered Level 1 of the Orcish Mines
 27850 | Orc:2    | Entered Level 2 of the Orcish Mines
 27939 | Orc:2    | Found a staircase to the Elven Halls.
 28155 | Orc:2    | Noticed Icebitter's ghost (journeyman MiBe)
 28155 | Orc:2    | Found a runed translucent door.
 28567 | Orc:2    | Gained mutation: Your spells are a little harder to cast,
                  | but a little more powerful. [a neqoxec]
 28569 | Orc:2    | Gained mutation: You have a pair of small horns on your
                  | head. [a neqoxec]
 28570 | Orc:2    | Gained mutation: You are frail. (-10% HP) [a neqoxec]
 28879 | Orc:2    | Found a runed translucent door.
 29052 | Orc:2    | Killed Icebitter's ghost
 29729 | Orc:2    | Reached skill level 23 in Dodging
 29751 | Orc:2    | Found Feran's Distillery.
 29751 | Orc:2    | Found Wiqyqaig's Weapon Emporium.
 29753 | Orc:2    | Found Nugiecle's Distillery.
 29753 | Orc:2    | Found Gufare's Magic Scroll Boutique.
 29762 | Orc:2    | Bought 2 potions of curing for 96 gold pieces
 29762 | Orc:2    | Bought a potion of curing for 48 gold pieces
 29763 | Orc:2    | Bought a scroll of identify for 28 gold pieces
 29763 | Orc:2    | Bought a scroll of summoning for 133 gold pieces
 29763 | Orc:2    | Bought a scroll of revelation for 105 gold pieces
 29763 | Orc:2    | Bought 2 scrolls of blinking for 210 gold pieces
 29763 | Orc:2    | Bought a scroll of teleportation for 42 gold pieces
 29765 | Orc:2    | Bought a potion of resistance for 140 gold pieces
 29765 | Orc:2    | Bought a potion of curing for 42 gold pieces
 29765 | Orc:2    | Bought a potion of curing for 42 gold pieces
 29765 | Orc:2    | Bought a potion of curing for 42 gold pieces
 29765 | Orc:2    | Bought a potion of heal wounds for 70 gold pieces
 29765 | Orc:2    | Bought a potion of haste for 140 gold pieces
 29765 | Orc:2    | Bought a potion of might for 56 gold pieces
 29765 | Orc:2    | Bought 2 potions of berserk rage for 140 gold pieces
 30007 | Shoals:1 | Entered Level 1 of the Shoals
 30209 | Shoals:1 | Noticed a kraken
 30381 | Shoals:1 | Killed a kraken
 30389 | Shoals:1 | Reached XP level 16. HP: 34/78 MP: 17/17
 31190 | Shoals:1 | Demolished by an alligator snapping turtle
 31285 | Shoals:1 | Killed from afar by an elemental wellspring
 31585 | Shoals:1 | Found Nynosarph's Antique Weapon Shoppe.
 32056 | Shoals:2 | Found Wublic's CLEARANCE SALE!.
 32060 | Shoals:2 | Bought a lightning rod (4/4) for 120 gold pieces
 32060 | Shoals:2 | Bought 3 scrolls of identify for 18 gold pieces
 32070 | Shoals:2 | Noticed Frances
 32078 | Shoals:2 | Killed Frances
 32220 | Shoals:2 | Noticed Ilsuiw
 32260 | Shoals:2 | Killed from afar by Ilsuiw

Illustrated notes

Levels and vault maps discovered:
D:1:      dpeg_arrival_boxorama, layout_basic, serial_shops,
          nicolae_shop_bloodbath_and_beyond, shop, shop, shop, chequers_avenue,
          minivault_25, minmay_octomino_c4
D:2:      layout_loops_corners, minivault_5, lexackson_kobold_supper,
          uniq_jessica
D:3:      layout_loops_ring, mainiacjoe_overflow_chevrons, serial_rivers,
          chequers_serial_rivers_small_3, chequers_serial_rivers_micro_b,
          chequers_serial_rivers_large_a, chequers_serial_rivers_micro_b,
          chequers_serial_rivers_micro_e, chequers_serial_rivers_room_b,
          ebering_ecumenical_altar_box, gup_sewer_entry_pipe
D:4:      layout_rooms
D:5:      layout_loops_ring, minmay_temple_entry_gardened_gates
D:6:      layout_loops_cross, wad_floor_pattern_1, minmay_misc_feat_enclosed
D:7:      layout_basic, chequers_temple_overflow_minitemple, enter_ossuary_3,
          nicolae_stop_n_shop_1, chequers_jeans, uniq_jeremiah
D:8:      layout_basic, tso_oasis_becter, chequers_serial_rivers_micro_b,
          minmay_unpleasant_kobolds
D:9:      layout_long_grid, david_lair_generic, uniq_pikel, uniq_harold
D:10:     layout_basic, enter_bailey_5, minivault_1
D:11:     layout_loops_ring, serial_undead, serial_undead_d, serial_undead_a,
          serial_undead_c, serial_undead_b, disabler_island
D:12:     layout_loops_corners, minmay_orc_entry_guard_dogs, serial_park_tiny_2,
          uniq_kirke
D:13:     layout_rooms, david_vaults_4
D:14:     layout_basic, hangedman_abyss_or_decor_passed,
          nicolae_elevator_lobby_plus
D:15:     hangedman_depths_entry_try_elsewhere_first, layout_layer_cave,
          serial_rivers, chequers_serial_rivers_micro_c,
          chequers_serial_rivers_micro_c, chequers_serial_rivers_room_b,
          chequers_serial_rivers_micro_a
Temple:   minmay_crystal_spiral_temple
Lair:1:   minmay_lair_oklob_tunnel, layout_long_grid
Lair:2:   layout_regular_city, dummy_spider_entry, uniq_nergalle
Lair:3:   layout_hall_layers, nicolae_shoals_entry_roost,
          grunt_forest_stairs_basic
Lair:4:   layout_loops_ring, minmay_slime_entry_oklob_enclosed,
          portal_ice_cave_rime, pond
Lair:5:   minmay_lair_end_frog_pond, layout_loops_ring
Shoals:1: layout_shoals, serial_shops, nicolae_shop_tiny_real_fake_doors,
          nicolae_shoals_spring_well_temple
Shoals:2: layout_shoals, nicolae_shop_clearance, uniq_ilsuiw, uniq_frances
Orc:1:    layout_caves, basic_altar
Orc:2:    grunt_orc_tribal_feast, layout_diamond_mine,
          ebering_ghost_reflecting_pool, lemuel_statue_altar,
          lightli_church_of_beogh

Skill      XL: |  1  2  3  4  5  6  7  8  9 10 11 12 13 14 15 |
---------------+----------------------------------------------+-----
Dodging        | 5 6 8 9 11 13 15 16 18 21 23 | 23.9
Fighting       | 4 5 6 8 11 13 15 16 17 18 | 18.9
Unarmed Combat | 4 5 6 7 8 10 12 15 16 17 18 | 18.7
Evocations     | 3 5 7 |  7.7
Shapeshifting  | 2 4 6 |  6.8

Action                     |  1- 3 |  4- 6 |  7- 9 | 10-12 | 13-15 | 16-18 || total
---------------------------+-------+-------+-------+-------+-------+-------++-------
  Melee: Unarmed           |    90 |   251 |   346 |   649 |  1303 |   182 ||  2821
         Punch             |     3 |     8 |    18 |    58 |   166 |    21 ||   274
         Bite              |     5 |    20 |    45 |    94 |   205 |    27 ||   396
         Headbutt          |       |       |       |       |    37 |    59 ||    96
 Invoke: Berserk           |     2 |     5 |     8 |    13 |    12 |     3 ||    43
         Trog's Hand       |     1 |       |     2 |     2 |     3 |     1 ||     9
         Brothers in Arms  |       |       |     1 |     6 |     7 |     1 ||    15
  Evoke: Wand              |       |       |     2 |     7 |     2 |     1 ||    12
    Use: Scroll            |     3 |       |     6 |     4 |    14 |     4 ||    31
         Potion            |       |       |       |       |     6 |     1 ||     7
   Stab: Sleeping          |     1 |     1 |       |     2 |     5 |     1 ||    10
         Distracted        |       |       |       |     1 |     3 |       ||     4
 Armour: Skin              |    23 |    63 |    99 |   174 |   377 |    48 ||   784
  Dodge: Dodged            |    55 |   229 |   292 |   769 |  1706 |   216 ||  3267
   Form: Beast             |       |       |       |       |     2 |       ||     2
                           |       |       |       |       |     1 |       ||     1

Table legend: (Time is in decaauts)
 A = Elapsed time spent in this place.
 B = Non-inter-level travel time spent in this place.
 C = Inter-level travel time spent in this place.
 D = Time resting spent in this place.
 E = Time spent auto-exploring this place.
 F = Levels seen in this place.
 G = Mean time per level.
                   A        B        C        D        E       F      G
               +--------+--------+--------+--------+--------+-----+--------+
         Total |  28393 |  25400 |   2993 |    482 |  19324 |  28 | 1014.0 |
       Dungeon |  15273 |  13662 |   1611 |    336 |  10708 |  15 | 1018.2 |
        Temple |      1 |      1 |      0 |      0 |      0 |   1 |    1.0 |
          Lair |   8094 |   7138 |    956 |    126 |   5411 |   5 | 1618.8 |
        Shoals |   1659 |   1518 |    141 |      0 |   1167 |   2 |  829.5 |
  Orcish Mines |   1999 |   1715 |    284 |     17 |   1326 |   2 |  999.5 |
         Sewer |    750 |    750 |      0 |      0 |    436 |   1 |  750.0 |
       Ossuary |    101 |    101 |      0 |      0 |     39 |   1 |  101.0 |
        Bailey |    512 |    512 |      0 |      2 |    233 |   1 |  512.0 |
               +--------+--------+--------+--------+--------+-----+--------+

Top non-repeatable levels by time:
  Lair:3: 2741 daAuts
  Lair:4: 2115 daAuts
    D:12: 1513 daAuts
    D:15: 1387 daAuts
    D:11: 1305 daAuts
     D:9: 1248 daAuts
    D:14: 1197 daAuts
  Lair:2: 1196 daAuts
     D:7: 1190 daAuts
Shoals:1: 1182 daAuts
   Orc:1: 1135 daAuts
     D:8: 1113 daAuts
  Lair:5: 1028 daAuts
  Lair:1: 1012 daAuts
    D:13: 999 daAuts
